 Dungeon Crawl Stone Soup version 0.21.1-1-g345015f (webtiles) character file.

220 inc the Shield-Bearer (level 5, -4/36 HPs)
             Began as an Octopode Fighter on Apr 24, 2018.
             Slain by a gnoll
             ... wielding a +0 spear
              (6 damage)
             ... on level 3 of the Dungeon.
             The game lasted 00:02:10 (2016 turns).

inc the Shield-Bearer (Octopode Fighter)            Turns: 2016, Time: 00:02:12

Health: -4/36      AC:  1    Str: 20    XL:     5   Next: 97%
Magic:  5/5        EV: 12    Int: 11    God:
Gold:   167        SH: 10    Dex: 12    Spells: 4/4 levels left

rFire    . . .     SeeInvis .   a - +0 flail
rCold    . . .     Gourm    .   b - +0 shield
rNeg     . . .     Faith    .   (helmet restricted)
rPois    .         Spirit   .   (no amulet)
rElec    .         Reflect  .   (no ring)
rCorr    .         Harm     .   (no ring)
MR       .....                  (no ring)
Stlth    ++........             (no ring)
HPRegen  0.12/turn              (no ring)
MPRegen  0.09/turn              (no ring)
                                (no ring)
                                (no ring)

@: mighty
A: almost no armour, stealthy swim, amphibious, 8 rings, constrict 8, camouflage
1, gelatinous body 1
a: no special abilities


You were on level 3 of the Dungeon.
You were not hungry.

You visited 1 branch of the dungeon, and saw 3 of its levels.

You collected 167 gold pieces.

Inventory:

Hand Weapons
 a - a +0 flail (weapon)
Armour
 b - a +0 shield (worn)
Jewellery
 i - a +3 amulet of reflection {unknown}
 q - an uncursed ring of see invisible {unknown}
Scrolls
 f - 3 scrolls of enchant weapon {unknown}
 g - a scroll of teleportation {unknown}
 k - 2 scrolls of enchant armour {unknown}
 l - 2 scrolls of remove curse {unknown}
 n - a scroll of identify {unknown}
 o - a scroll of immolation {unknown}
Potions
 c - a potion of might
 e - 2 potions of heal wounds {unknown}
 h - a potion of magic {unknown}
 j - 2 potions of lignification {unknown}
 p - a potion of agility {unknown}
Comestibles
 d - 4 rations


   Skills:
 - Level 3.0 Fighting
 + Level 4.4 Maces & Flails
 - Level 3.0 Dodging
 + Level 5.0 Shields


You had 4 spell levels left.
You didn't know any spells.

Dungeon Overview and Level Annotations

Branches:
Dungeon (3/15)

Altars:
Ashenzari

Annotations:
D:3 2BAD's ghost, amateur DsBe


Innate Abilities, Weirdness & Mutations

You cannot wear most types of armour.
You are very stealthy in the water. (Stealth+)
You are amphibious.
You can wear up to eight rings at the same time.
You can use your tentacles to constrict eight enemies at once.
Your skin changes colour to match your surroundings (Stealth+).
Your rubbery body absorbs attacks. (AC +1, EV +1)


Message History

You kill the gnoll!
You hit the gnoll. You grab the gnoll.
The gnoll is heavily wounded.
You constrict the gnoll. The gnoll barely misses you.
The gnoll closely misses you.
You sock the gnoll!
You kill the gnoll!
Your Shields skill increases to level 5!
You sock 2BAD's ghost! 2BAD's ghost is moderately damaged. 2BAD's ghost hits you.
The gnoll hits you from afar with a spear.
* * * LOW HITPOINT WARNING * * *
Your shield prevents you from hitting 2BAD's ghost.
Your squeeze misses 2BAD's ghost. 2BAD's ghost is moderately damaged. 2BAD's ghost hits you!
* * * LOW HITPOINT WARNING * * *
The gnoll hits you from afar with a spear.
You die...

#....#
######.####.#
#...$.......#
#.[.....#####
#...g...#
#..g....#
#.......###g##
#.......# #W#
#.......# #@#
. #.......#
#.# .
#g......# #.#
'.......# #.#
#........ ..#
... ###


You could see 2BAD's ghost and a gnoll.

Vanquished Creatures
  An ogre (D:2)
  2 gnolls (D:3)
  3 adders
  An ooze (D:1)
  4 worms (D:2)
  5 dart slugs
  3 leopard geckos
  A ball python (D:2)
  10 giant cockroaches
  6 goblins
  8 hobgoblins
  2 jackals (D:2)
  3 kobolds (D:1)
  A quokka (D:2)
  A bat (D:1)
  2 frilled lizards (D:2)
  7 rats
60 creatures vanquished.

Notes
Turn   | Place    | Note
-------+----------+-------------------------------------------
     0 | D:1      | inc the Octopode Fighter began the quest for the Orb.
     0 | D:1      | Reached XP level 1. HP: 16/16 MP: 1/1
    61 | D:1      | Reached XP level 2. HP: 21/21 MP: 2/2
   369 | D:1      | Reached XP level 3. HP: 26/26 MP: 3/3
   651 | D:2      | Found a faded altar of an unknown god.
   898 | D:2      | Found a shattered altar of Ashenzari.
   902 | D:2      | Saw a vision of the Shoals and the Spider Nest.
   902 | D:2      | Noticed a hippogriff
   902 | D:2      | Noticed a scorpion
   902 | D:2      | Noticed a merfolk
   902 | D:2      | Noticed a sea snake
   902 | D:2      | Noticed a hippogriff
   904 | D:2      | Noticed a wolf spider
   905 | D:2      | Noticed a wolf spider
   905 | D:2      | Noticed a redback
  1024 | D:2      | Noticed an ogre
  1033 | D:2      | Killed an ogre
  1033 | D:2      | Reached skill level 4 in Shields
  1033 | D:2      | Reached XP level 4. HP: 20/31 MP: 4/4
  1033 | D:2      | Reached XP level 5. HP: 23/36 MP: 5/5
  1998 | D:3      | Noticed 2BAD's ghost (amateur DsBe)
  2014 | D:3      | Reached skill level 5 in Shields
  2016 | D:3      | Slain by a gnoll

Skill      XL: |  1  2  3  4  5 |
---------------+----------------+-----
Maces & Flails | 3 4 |  4.4
Shields        | 4 5 |  5.0
Fighting       | |  3.0
Dodging        | |  3.0

Action                   |  1- 3 |  4- 6 || total
-------------------------+-------+-------++-------
Melee: Flail             |    46 |    85 ||   131
       Constrict         |    16 |    23 ||    39
       Tentacles         |     6 |    17 ||    23
  Use: Potion            |       |     1 ||     1
 Stab: Sleeping          |     6 |     2 ||     8
  Eat: Chunk             |       |     4 ||     4
Armor: Skin              |     2 |     6 ||     8
Dodge: Dodged            |    10 |    31 ||    41
Block: Shield            |    20 |    25 ||    45
